 Dungeon Crawl Stone Soup version 0.30-a0-639-g3916f1956a (webtiles) character file.

Game seed: 16642435810862569574

44522 lesbiats the Brawler (level 13, 0/133 HPs)
             Began as a Troll Fighter on Jan 16, 2023.
             Was a High Priest of Wu Jian.
             Slain by a death yak (15 damage)
             ... on level 2 of the Lair of Beasts.
             The game lasted 00:48:20 (15209 turns).

lesbiats the Brawler (Troll Fighter)               Turns: 15209, Time: 00:48:21

Health: 0/133      AC:  7    Str: 33    XL:     13   Next: 96%
Magic:  12/12      EV: 10    Int:  6    God:    Wu Jian [*****.]
Gold:   54         SH: 16    Dex:  9    Spells: 6/12 levels left

rFire   . . .      SeeInvis .      - Unarmed
rCold   + . .      Faith    .    b - +0 kite shield
rNeg    . . .      Spirit   .    a - +0 troll leather armour
rPois   .          Reflect  +    (helmet restricted)
rElec   +          Harm     .    N - +0 cloak
rCorr   .          Rampage  .    (gloves unavailable)
Will    .....                    (boots unavailable)
Stlth   +                        v - amulet of reflection
HPRegen 2.02/turn                j - ring of protection from cold
MPRegen 0.13/turn                R - +6 ring of strength

@: no status effects
A: large, unfitting armour, claws 3, regeneration 1, shaggy fur 1, tough skin 1,
dopey 1, electricity resistance
a: Renounce Religion, Wall Jump, Serpent's Lash, Heavenly Storm


You were on level 2 of the Lair of Beasts.
You worshipped Wu Jian.
Wu Jian was extremely pleased with you.
You visited 2 branches of the dungeon, and saw 15 of its levels.

You collected 1165 gold pieces.
You spent 1111 gold pieces at shops.

Inventory:

Missiles
 e - 17 javelins
 n - 5 silver javelins
 q - 23 poisoned darts (quivered)
 w - 6 atropa-tipped darts
 D - 3 boomerangs of dispersal
 F - 9 boomerangs
 J - a throwing net
 Q - 13 curare-tipped darts
 U - 17 large rocks
Armour
 a - a +0 troll leather armour (worn)
 b - a +0 kite shield (worn)
 N - a +0 cloak (worn)
Jewellery
 j - a ring of protection from cold (left claw)
 v - an amulet of reflection (around neck)
 R - a +6 ring of strength (right claw)
 W - the ring "Muhust" {rPois rF++ rN+ MP+9}
   (You bought it in a shop on level 8 of the Dungeon)

   [ring of positive energy]

   rF:        It greatly protects you from fire.
   rPois:     It protects you from poison.
   rN:        It protects you from negative energy.
   MP:        It affects your magic capacity (+9).
Wands
 u - a wand of mindburst (5)
 K - a wand of paralysis (26)
 Z - a wand of roots (5)
Scrolls
 g - 8 scrolls of teleportation
 h - 3 scrolls of magic mapping
 i - 3 scrolls of noise
 m - 2 scrolls of poison
 o - 2 scrolls of amnesia
 p - 2 scrolls of fog
 y - 3 scrolls of fear
 z - 2 scrolls of enchant weapon
 A - 6 scrolls of blinking
 C - 2 scrolls of brand weapon {unknown}
 E - 2 scrolls of torment
 H - 2 scrolls of vulnerability
 L - a scroll of acquirement {unknown}
 M - a scroll of summoning {unknown}
Potions
 c - 2 potions of might
 d - 2 potions of brilliance
 f - 3 potions of mutation
 k - 2 potions of attraction
 l - 2 potions of cancellation
 r - 4 potions of lignification
 s - 5 potions of invisibility
 t - 3 potions of flight
 x - 3 potions of degeneration
 B - a potion of magic
 G - 2 potions of heal wounds
 I - 2 potions of ambrosia
 O - 2 potions of berserk rage
 V - a potion of haste
 X - a potion of curing
Miscellaneous
 T - a box of beasts


   Skills:
 + Level 10.1 Fighting
 + Level 8.1 Dodging
 + Level 11.0 Shields
 * Level 16.1 Unarmed Combat


You had 6 spell levels left.
You knew the following spells:

 Your Spells              Type           Power      Damage    Failure   Level
a - Statue Form           Tmut/Erth      0%         N/A       100%        6

Your spell library contained the following spells:

 Spells                   Type           Power      Damage    Failure   Level
 Freeze                   Ice            0%         1d3       69%         1
 Static Discharge         Conj/Air       0%         2-2/arc   83%         2
 Frozen Ramparts          Ice            0%         1d1       96%         3
 Hailstorm                Conj/Ice       0%         3d3       96%         3
 Vhi's Electric Charge    Tloc/Air       0%         N/A       96%         3
 Airstrike                Air            0%         2d(0-16)  100%        4
 Petrify                  Tmut/Erth      0%         N/A       100%        4
 Summon Lightning Spire   Summ/Air       0%         N/A       100%        4
 Alistair's Intoxication  Tmut/Pois      0%         N/A       100%        5
 Arcjolt                  Conj/Air       0%         1d10      100%        5
 Borgnjor's Vile Clutch   Necr/Erth      0%         N/A       100%        5
 Iskenderun's Battlesphe  Conj           0%         2d6       100%        5
 Lightning Bolt           Conj/Air       0%         1d11      100%        5
 Metabolic Englaciation   Hex/Ice        0%         N/A       100%        5
 Eringya's Noxious Bog    Tmut/Pois      0%         N/A       100%        6
 Iron Shot                Conj/Erth      0%         9d1       100%        6
 Spellforged Servitor     Conj/Summ      0%         N/A       100%        7


Dungeon Overview and Level Annotations

Branches:
Dungeon (13/15)            Temple (0/1) D:5            Lair (2/5) D:9
    Orc (0/2) D:9          Vaults (0/5) D:13
  Swamp: Lair:2-3    Shoals: Lair:2-3     Snake: Lair:2-3    Spider: Lair:2-3

Altars:
Gozag
Kikubaaqudgha
Qazlal
Sif Muna
Trog
Vehumet
Wu Jian
Xom
Zin

Shops:
D:8 =


Innate Abilities, Weirdness & Mutations

You are too large for most types of armour.
You have claws for hands.
Your natural rate of healing is unusually fast.
You are covered in fur. (AC +1)
You have tough skin. (AC +1)
You are dopey. (Int -2)
You are resistant to electric shocks. (rElec)


Message History

You scratch the death yak but do no damage.
The death yak is almost dead.
The death yak gores you.
You spin and attack the death yak.
You claw the death yak!
You kill the death yak!
The Council accepts your kill.
You claw the death yak!
The death yak is almost dead.
The death yak gores you!! You block the death yak's attack. x2
You scratch the death yak.
You kill the death yak!
The Council accepts your kill. You block the death yak's attack. x2
You barely miss the death yak.
The death yak is lightly wounded.
You block the death yak's attack.
The death yak gores you but does no damage.
The death yak barely misses you.
You eviscerate the death yak!!!
The death yak is severely wounded.
The death yak gores you!!
The death yak gores you but does no damage.
The death yak gores you!
You claw the death yak!
The death yak is almost dead.
You scratch the death yak.
The death yak is almost dead.
The death yak gores you but does no damage.
The death yak completely misses you. The death yak gores you.
You scratch the death yak but do no damage.
The death yak is almost dead.
The death yak gores you!!
* * * LOW HITPOINT WARNING * * *
The death yak closely misses you. The death yak barely misses you.
You scratch the death yak but do no damage.
The death yak is almost dead.
The death yak gores you!
* * * LOW HITPOINT WARNING * * *
The death yak gores you!
You die...

### # ## ########## #.##
####.#.#######PP.#P##.####.##
.............)..)............
#............####.#....##P##.
#.#.###P#....# ####...#####P
####.YY# #....# ## #.(Y@##
##...# # ##....# #...## #
###...P# #....# # ..
###.....## #....# #
#..###.......## #....# #
#.............# #...## ##
#.........(...# #...# #.
##............## ##...## #.
#..#..........# #.....# #.


You could see 3 death yaks.

Vanquished Creatures
  Fannar (Lair:1)
  A catoblepas (Lair:1)
  An ogre mage (D:10)
  A boulder beetle (D:13)
  4 two-headed ogres
  4 centaur warriors (D:13)
  3 tengu warriors (D:13)
  7 death yaks
  Sonja (Lair:1)
  A skeletal warrior (D:13)
  An orc knight (D:13)
  4 cyclopes
  3 ugly things
  2 manticores
  A black mamba (Lair:2)
  3 centaur zombies (D:8)
  8 cane toads
  4 centaur skeletons
  3 kobold demonologists (D:11)
  5 yaktaurs
  An unseen horror (D:12)
  4 komodo dragons
  4 trolls
  3 tengu conjurers (D:13)
  2 hellwings (D:8)
  A harpy zombie (D:8)
  Grinder (D:5)
  A meliai zombie (D:8)
  19 slime creatures
  2 wraiths
  2 shadows
  6 wyverns
  A vampire (D:10)
  2 basilisks
  23 yaks
  Grum (Lair:1)
  A steam dragon (D:10)
  5 acid dragons
  3 water moccasins
  4 black bears
  An ice beast (D:6)
  4 ogres
  11 orc warriors
  10 wolves
  6 centaurs
  A phantom (D:5)
  Blork the orc (D:6)
  5 kobold brigands
  5 bullfrogs
  6 scorpions
  A gnoll sergeant (D:9)
  20 killer bees
  An electric eel (Lair:1)
  8 howler monkeys
  4 crimson imps (D:11)
  3 jellies
  2 gnoll boudas
  An orc priest (D:6)
  3 hounds
  5 iguanas
  6 orc wizards
  A boggart zombie (D:8)
  A boggart skeleton (D:13)
  19 gnolls
  7 adders
  5 shadow imps
  A worm (D:5)
  2 dart slugs
  35 orcs
  6 ball pythons
  10 endoplasms
  4 giant cockroaches
  7 hobgoblins
  8 jackals
  16 kobolds
  2 quokkas
  A bat (D:2)
  A frilled lizard (D:1)
  6 goblins
  5 rats
385 creatures vanquished.

Vanquished Creatures (others)
  2 fungi (Lair:1)
  2 plants (Lair:1)
  6 withered plants (D:8)
10 creatures vanquished.

Grand Total: 395 creatures vanquished

Notes
Turn   | Place    | Note
-------+----------+-------------------------------------------
     0 | D:1      | lesbiats the Troll Fighter began the quest for the Orb.
     0 | D:1      | Reached XP level 1. HP: 22/22 MP: 0/0
   240 | D:1      | Found a faded altar of an unknown god.
   478 | D:1      | Reached XP level 2. HP: 29/29 MP: 1/1
  1120 | D:2      | Reached XP level 3. HP: 36/36 MP: 2/2
  1227 | D:2      | Reached skill level 3 in Unarmed Combat
  1519 | D:3      | Reached XP level 4. HP: 44/44 MP: 3/3
  1715 | D:3      | Found a glowing silver altar of Zin.
  1721 | D:3      | Found a shimmering blue altar of Sif Muna.
  1721 | D:3      | Found a radiant altar of Vehumet.
  1723 | D:3      | Found a bloodstained altar of Trog.
  1826 | D:3      | Found an opulent altar of Gozag.
  2268 | D:4      | You fall into a shaft and drop 3 floors!
  2279 | D:7      | Noticed a black bear
  2318 | D:6      | Noticed Blork the orc
  2350 | D:6      | Noticed an orc warrior
  2397 | D:5      | Entered Level 5 of the Dungeon
  2420 | D:5      | Found a staircase to the Ecumenical Temple.
  2427 | D:5      | Reached skill level 4 in Unarmed Combat
  2427 | D:5      | Reached XP level 5. HP: 53/53 MP: 4/4
  2434 | D:5      | Noticed a black bear
  2523 | D:4      | Found an ancient bone altar of Kikubaaqudgha.
  2579 | D:4      | Reached XP level 6. HP: 60/61 MP: 5/5
  2611 | D:4      | Reached skill level 5 in Unarmed Combat
  2731 | D:4      | Found a stormy altar of Qazlal.
  3440 | D:4      | Found an ornate altar of the Wu Jian Council.
  3589 | D:4      | Became a worshipper of the Wu Jian Council
  3680 | D:4      | Reached XP level 7. HP: 64/68 MP: 6/6
  4017 | D:5      | Noticed Grinder
  4018 | D:5      | Paralysed by Grinder for 4 turns
  4032 | D:5      | Paralysed by Grinder for 2 turns
  4036 | D:5      | Reached skill level 6 in Unarmed Combat
  4046 | D:5      | Killed Grinder
  4104 | D:4      | Reached skill level 5 in Shields
  4104 | D:4      | Reached XP level 8. HP: 21/79 MP: 7/7
  4399 | D:5      | Reached skill level 7 in Unarmed Combat
  4776 | D:6      | Killed Blork the orc
  4777 | D:6      | Reached skill level 5 in Fighting
  4787 | D:6      | Reached * piety under Wu Jian
  4864 | D:6      | Reached skill level 8 in Unarmed Combat
  5333 | D:7      | Reached XP level 9. HP: 13/88 MP: 8/8
  5333 | D:7      | Gained mutation: You are dopey. (Int -2) [potion of
                  | mutation]
  5333 | D:7      | Gained mutation: You are resistant to electric shocks.
                  | (rElec) [potion of mutation]
  5344 | D:7      | HP: 4/88 [killer bee (7)]
  5641 | D:7      | Reached skill level 9 in Unarmed Combat
  5883 | D:7      | Reached ** piety under Wu Jian
  6186 | D:8      | Noticed a hellwing
  6310 | D:7      | Reached skill level 10 in Unarmed Combat
  6419 | D:8      | Noticed a komodo dragon
  6432 | D:8      | Killed a komodo dragon
  6629 | D:8      | Reached XP level 10. HP: 95/100 MP: 9/9
  6782 | D:8      | Reached skill level 11 in Unarmed Combat
  6905 | D:8      | Reached *** piety under Wu Jian
  7013 | D:8      | Found Weuff's Jewellery Shoppe.
  7202 | D:9      | Noticed a death yak
  7202 | D:9      | Found a staircase to the Lair.
  7203 | D:9      | Noticed a death yak
  7203 | D:9      | Noticed a death yak
  7205 | D:9      | Noticed a death yak
  7217 | D:8      | Killed a death yak
  7225 | D:8      | Killed a death yak
  7236 | D:8      | Killed a death yak
  7237 | D:8      | Reached XP level 11. HP: 17/109 MP: 10/10
  7426 | D:9      | Killed a death yak
  7427 | D:9      | Reached skill level 12 in Unarmed Combat
  8104 | D:9      | Found a staircase to the Orcish Mines.
  8168 | D:9      | Reached skill level 5 in Dodging
  8464 | D:10     | Entered Level 10 of the Dungeon
  8529 | D:10     | Reached **** piety under Wu Jian
  8614 | D:10     | Noticed an ogre mage
  8614 | D:10     | Noticed a two-headed ogre
  8614 | D:10     | Noticed a two-headed ogre
  8614 | D:10     | Noticed a two-headed ogre
  8614 | D:10     | Noticed a two-headed ogre
  8637 | D:10     | Killed a two-headed ogre
  8643 | D:10     | Paralysed by something for 4 turns
  8650 | D:10     | Killed an ogre mage
  8651 | D:10     | Reached skill level 13 in Unarmed Combat
  8821 | D:10     | Killed a two-headed ogre
  9037 | D:10     | Killed a two-headed ogre
  9228 | D:10     | Reached XP level 12. HP: 37/122 MP: 11/11
  9535 | D:11     | Noticed a two-headed ogre
  9551 | D:11     | Killed a two-headed ogre
  9787 | D:11     | Found a shimmering altar of Xom.
 10358 | D:8      | Bought the ring "Muhust" {rPois rF++ rN+ MP+9} for 811 gold
                  | pieces
 10507 | D:12     | Reached skill level 14 in Unarmed Combat
 11355 | D:13     | Learned a level 6 spell: Statue Form
 11356 | D:13     | Noticed a boulder beetle
 11373 | D:13     | Killed a boulder beetle
 11560 | D:13     | Noticed a tengu warrior
 11588 | D:13     | Killed a tengu warrior
 11592 | D:13     | Reached skill level 10 in Shields
 11606 | D:13     | Noticed a tengu warrior
 11629 | D:13     | Killed a tengu warrior
 11797 | D:13     | Noticed a centaur warrior
 11801 | D:13     | Killed a centaur warrior
 11802 | D:13     | Reached XP level 13. HP: 85/131 MP: 12/12
 12205 | D:13     | Reached skill level 15 in Unarmed Combat
 12259 | D:13     | Reached ***** piety under Wu Jian
 12416 | D:13     | Identified the +2 robe "Noqockeh" {+Blink rPois Str-5
                  | Dex+9}
 12990 | D:13     | Found a gate to the Vaults.
 13234 | Lair:1   | Entered Level 1 of the Lair of Beasts
 13522 | Lair:1   | Noticed Grum
 13534 | Lair:1   | Killed Grum
 13948 | Lair:1   | Noticed Sonja
 13951 | Lair:1   | Killed Sonja
 14056 | Lair:1   | Noticed Fannar
 14197 | D:8      | Bought a ring of protection from cold for 300 gold pieces
 14255 | Lair:1   | Killed Fannar
 14637 | Lair:2   | Reached skill level 10 in Fighting
 14703 | Lair:2   | Reached skill level 16 in Unarmed Combat
 15209 | Lair:2   | Slain by a death yak

Illustrated notes

Levels and vault maps discovered:
D:1:      dpeg_arrival_leaves_temple_mockup, layout_loops_corners,
          hellmonk_ecumenical_altar_defaced_shrine, serial_glass,
          glass_columns_a, glass_columns_c, minmay_strange_pillars,
          feat_on_display, due_unseen_surprise, minmay_strange_pillars,
          minmay_tiny_reverse_x
D:2:      layout_loops_ring
D:3:      layout_basic, marbit_many_paths, mainiacjoe_overflow_alcove_3
D:4:      layout_loops_corners, mainiacjoe_overflow_catwalk_spiral,
          nicolae_wu_jian_immortal_techniques, st_stairs_3, grunt_ministairs_9,
          minmay_goblin_kobold_house
D:5:      layout_cave_pools, minmay_temple_entry_large_hall,
          due_unseen_surprise, uniq_grinder
D:6:      layout_basic, uniq_blork_the_orc
D:7:      layout_basic, chequers_serial_rivers_small_b, grunt_decor_junction
D:8:      cheibrodos_grave_circle, layout_loops_ring, serial_shops, shop,
          grunt_ministairs_8
D:9:      layout_roguey, dpeg_lair_monsters,
          kennysheep_orc_monster_closet_entryway
D:10:     layout_roguey
D:11:     layout_basic, led_xom_imps
D:12:     layout_long_grid, serial_glass, glass_columns_a, glass_columns_b
D:13:     layout_irregular_city, hangedman_vaults_entry_quadrant_bands,
          kb_tengu_band
Lair:1:   layout_regular_city, serial_rivers, chequers_serial_rivers_micro_d,
          chequers_serial_rivers_marsh, chequers_serial_rivers_room_a,
          chequers_serial_rivers_marsh, gammafunk_lair_bear_cave, uniq_sonja,
          uniq_grum, uniq_fannar
Lair:2:   layout_long_grid, infiniplex_staircase_pool_2, lemuel_fruit_tree

Skill      XL: |  1  2  3  4  5  6  7  8  9 10 11 12 13 |
---------------+----------------------------------------+-----
Shields        | 3 4 5 6 7 8 9 10 11 | 11.0
Unarmed Combat | 3 4 5 6 8 10 11 13 14 16 | 16.1
Fighting       | 3 4 5 6 7 8 9 10 | 10.1
Dodging        | 4 5 7 8 |  8.1

Action                   |  1- 3 |  4- 6 |  7- 9 | 10-12 | 13-15 || total
-------------------------+-------+-------+-------+-------+-------++-------
Melee: Unarmed           |    87 |   155 |   345 |   591 |   295 ||  1473
Throw: Dart              |       |       |       |     6 |       ||     6
       Throwing net      |       |       |       |     2 |       ||     2
Invok: Lunge             |       |     1 |    20 |    36 |    23 ||    80
       Whirlwind         |       |       |    25 |    66 |    83 ||   174
  Use: Scroll            |       |     8 |     3 |    14 |     5 ||    30
       Potion            |       |       |     2 |     2 |       ||     4
Armor: Robe              |    28 |    26 |    48 |    12 |       ||   114
       Acid dragon scale |       |       |       |    54 |       ||    54
       Troll leather arm |       |       |       |    21 |    40 ||    61
Dodge: Dodged            |    48 |    79 |   167 |   154 |    74 ||   522
Block: Kite shield       |    32 |   131 |   277 |   339 |   216 ||   995
       Reflection        |       |     1 |     3 |     5 |    43 ||    52

Table legend: (Time is in decaauts)
 A = Elapsed time spent in this place.
 B = Non-inter-level travel time spent in this place.
 C = Inter-level travel time spent in this place.
 D = Time resting spent in this place.
 E = Time spent auto-exploring this place.
 F = Levels seen in this place.
 G = Mean time per level.
                   A        B        C        D        E       F      G
               +--------+--------+--------+--------+--------+-----+--------+
         Total |  15147 |  13123 |   2024 |   1584 |   7259 |  15 | 1009.8 |
       Dungeon |  13298 |  11587 |   1711 |   1388 |   6494 |  13 | 1022.9 |
          Lair |   1849 |   1536 |    313 |    196 |    765 |   2 |  924.5 |
               +--------+--------+--------+--------+--------+-----+--------+

Top non-repeatable levels by time:
     D:4: 1586 daAuts
    D:12: 1416 daAuts
  Lair:1: 1260 daAuts
    D:13: 1229 daAuts
     D:7: 1186 daAuts
     D:8: 1168 daAuts
     D:9: 1128 daAuts
    D:10: 1111 daAuts
     D:1: 947 daAuts
    D:11: 884 daAuts
     D:3: 789 daAuts
     D:6: 721 daAuts
  Lair:2: 589 daAuts
     D:5: 588 daAuts
     D:2: 539 daAuts
